Map: Aura de mort EC

Players

MMA - Winner!

  • Race: Terran Terran
  • League: Master
  • Spawn Location: 11:00

Tee

  • Race: Terran Terran
  • League: Master
  • Spawn Location: 5:00

VOD

Have the link to the VOD?

Description

Time

  • Played on: Aug. 5, 2020, 8:08 p.m.
  • Length: 20:19
Show
View Real Time Build Order
Export as new Build Order

MMA Terran - Winner!

Build Orders:  

Get SALT Encoding   

  12  0:00  SCV  
  13  0:15  SCV  
  13  0:17  Supply Depot  
  14  0:27  SCV  
  15  0:29  Refinery  
  15  0:40  SCV  
  16  0:45  Barracks  
  16  0:52  SCV  
  16  0:56  Refinery  
  17  1:04  SCV  
  18  1:16  SCV  
  19  1:34  Reaper, Orbital Command  
  19  1:38  Factory  
  20  1:48  Supply Depot  
  20  2:02  SCV  
  20  2:07  Reaper  
  22  2:15  SCV  
  22  2:22  Hellion  
  25  2:28  SCV  
  26  2:33  Command Center  
  26  2:40  Barracks Reactor  
  26  2:43  SCV, Factory Tech Lab  
  26  2:56  SCV, Supply Depot  
  27  3:00  Starport  
  27  3:06  Cyclone  
  27  3:09  SCV  
  31  3:18  Marine x2  
  33  3:24  SCV  
  34  3:30  Refinery  
  34  3:36  SCV  
  34  3:37  Marine x2  
  37  3:45  Factory Tech Lab  
  37  3:47  Orbital Command  
  36  3:49  SCV  
  36  3:50  Raven  
  39  3:56  Marine  
  39  4:00  Marine  
  39  4:01  SCV  
  42  4:08  Supply Depot  
  42  4:13  SCV  
  42  4:14  SCV  
  42  4:16  Marine  
  45  4:18  Siege Tank  
  45  4:23  Supply Depot  
  48  4:25  SCV  
  48  4:26  SCV  
  50  4:33  Raven  
  50  4:37  SCV  
  53  4:38  SCV  
  52  4:53  Marine x2  
  52  4:58  SCV x2  
  56  5:00  Supply Depot  
  56  5:01  Supply Depot  
  56  5:09  Factory Tech Lab  
  56  5:10  SCV x2  
  58  5:16  Raven  
  57  5:22  SCV  
  57  5:26  Marine  
  57  5:27  SCV, Marine  
  57  5:35  SCV  
  57  5:37  Siege Tank  
  57  5:41  SCV  
  61  5:47  SCV  
  61  5:49  Command Center, Marine x2  
  64  5:52  Supply Depot  
  63  5:58  SCV  
  64  6:05  SCV  
  64  6:10  SCV, Siege Tank  
  69  6:17  SCV  
  69  6:18  Barracks Tech Lab  
  70  6:19  Viking  
  70  6:20  Viking  
  70  6:22  SCV  
  75  6:29  SCV  
  76  6:35  Barracks  
  76  6:36  SCV, Barracks  
  77  6:44  Engineering Bay x2, Marine  
  78  6:49  Siege Tank  
  78  6:50  SCV  
  78  6:51  SCV  
  83  7:02  SCV  
  67  7:16  Viking x2, Marine  
  72  7:24  Orbital Command  
  72  7:26  Barracks  
  72  7:27  Barracks  
  70  7:33  Marine  
  65  7:37  SCV x2  
  65  7:39  Stimpack  
  65  7:41  Barracks Reactor x2  
  65  7:42  Orbital Command  
  65  7:43  Terran Infantry Weapons Level 1, Refinery, Terran Infantry Armor Level 1  
  67  7:46  Viking x2  
  67  7:49  SCV x2  
  73  7:51  Marine  
  74  7:59  Siege Tank  
  74  8:01  SCV  
  74  8:03  SCV, Refinery  
  79  8:05  Refinery  
  79  8:10  SCV  
  80  8:15  Barracks Reactor x2  
  80  8:17  Medivac  
  80  8:18  SCV  
  83  8:23  SCV  
  83  8:26  SCV, Supply Depot  
  85  8:27  Marine x4  
  85  8:30  SCV  
  90  8:35  SCV  
  90  8:38  Sensor Tower  
  91  8:42  Marine  
  91  8:43  Siege Tank  
  91  8:44  Marine  
  91  8:45  SCV x2  
  91  8:48  SCV  
  99  8:49  Medivac x2  
  99  8:51  Supply Depot x2  
  99  8:52  Supply Depot  
  103  8:57  SCV x2  
  105  9:06  Supply Depot  
  105  9:08  Marine x5  
  109  9:12  Armory  
  109  9:13  Marine x3  
  112  9:18  Marine, Siege Tank  
  112  9:19  Combat Shield  
  112  9:20  SCV  
  112  9:21  SCV  
  112  9:23  Medivac  
  120  9:25  Marine  
  120  9:26  Marine x3, Factory  
  120  9:30  Medivac  
  120  9:31  SCV  
  127  9:33  Supply Depot x2  
  127  9:34  Supply Depot, Marine x3  
  127  9:35  Marine  
  127  9:37  SCV x2  
  133  9:46  Marine x4  
  133  9:47  Marine  
  133  9:52  Marine  
  139  9:55  Siege Tank  
  139  9:57  Marine  
  139  9:58  Marine  
  139  9:59  Supply Depot  
  144  10:04  Missile Turret  
  144  10:06  Supply Depot  
  143  10:08  Supply Depot, Missile Turret  
  143  10:13  Marine x2  
  143  10:14  Marine x2  
  146  10:16  Marine  
  146  10:17  Medivac x2  
  152  10:22  Terran Vehicle Weapons Level 1  
  152  10:24  Terran Infantry Weapons Level 2  
  152  10:26  Terran Infantry Armor Level 2  
  152  10:40  Marine x3  
  129  10:47  Marine x2  
  129  10:48  Marine x3  
  124  10:56  Siege Tank  
  121  10:57  Marine  
  121  10:58  Marine x2  
  121  11:02  Barracks  
  123  11:05  SCV x3  
  123  11:06  Barracks  
  123  11:07  Barracks  
  123  11:08  Barracks Reactor  
  126  11:12  Marine x2  
  126  11:13  Marine x2  
  126  11:17  Command Center  
  136  11:27  Siege Tank  
  136  11:28  Siege Tank  
  136  11:32  Liberator x2  
  142  11:34  Marine x6  
  142  11:35  Marine x2  
  149  11:49  Marine x2  
  149  11:50  Sensor Tower  
  149  11:51  Barracks Reactor  
  149  11:52  Marine  
  152  11:57  Marine x5  
  152  11:58  Barracks Reactor x2  
  157  12:12  Marine x4  
  157  12:13  Siege Tank  
  164  12:25  Marine  
  164  12:26  Marine x4, Factory Tech Lab  
  169  12:32  Planetary Fortress  
  169  12:33  Refinery  
  169  12:35  Refinery  
  169  12:38  Marine  
  169  12:39  Marine x6  
  176  12:45  Siege Tank  
  175  12:56  Command Center  
  172  12:58  Marine  
  172  12:59  Marine x4  
  172  13:03  Terran Vehicle Weapons Level 2  
  172  13:05  Marine x4  
  178  13:06  Marine x2, Siege Tank  
  178  13:07  Viking x2  
  178  13:08  Terran Infantry Weapons Level 3, Terran Infantry Armor Level 3  
  190  13:19  Marine x3  
  180  13:20  Marine x2  
  164  13:27  Marine  
  164  13:31  Marine  
  164  13:32  Marine x2  
  164  13:33  Siege Tank  
  160  13:36  Marine x2  
  160  13:39  Marine x3  
  162  13:44  Marine, Siege Tank  
  162  13:45  Viking x2  
  167  13:54  Marine x2  
  164  13:56  Marine x2  
  155  14:05  Siege Tank  
  155  14:08  Marine  
  151  14:14  Marine  
  151  14:15  Medivac x2, Marine  
  156  14:17  Marine  
  156  14:18  Marine x4  
  157  14:30  Marine x2  
  151  14:36  Siege Tank  
  154  14:44  Marine  
  154  14:45  Marine x5  
  159  14:46  Siege Tank  
  159  14:47  Medivac x2  
  147  14:54  Marine  
  147  14:58  Sensor Tower  
  148  15:05  Marine x4  
  147  15:08  Command Center, Siege Tank  
  150  15:17  Marine  
  150  15:18  Marine x2  
  150  15:20  Fusion Core, Starport x2  
  150  15:21  Medivac x2, Siege Tank  
  156  15:27  Marine x7  
  156  15:28  Marine  
  161  15:42  Marine  
  161  15:43  Marine x4  
  161  15:48  Marine x3  
  161  15:49  Marine  
  169  15:56  Marine x4  
  168  16:03  Marine x2  
  168  16:04  Siege Tank x2  
  173  16:05  Viking x2  
  179  16:17  Marine x3  
  176  16:25  Command Center  
  176  16:32  Marine  
  176  16:33  Marine  
  174  16:54  Planetary Fortress  
  174  16:56  SCV x2  
  177  17:08  SCV  
  171  17:16  Command Center  
  138  17:32  Marine x3  
  129  17:38  Marine x4  
  133  17:44  Command Center  
  133  17:52  Starport Reactor x2  
  133  17:54  Viking  
  133  17:55  Viking  
  133  17:56  Marine x5  
  133  17:57  Marine x2  
  133  17:58  Marine x7  
  147  17:59  Marine, Siege Tank x2  
  146  18:17  Marine x2  
  148  18:25  SCV x3  
  148  18:26  Viking x2  
  155  18:28  Sensor Tower  
  155  18:31  Siege Tank  
  161  18:34  Siege Tank  
  161  18:37  SCV x2  
  162  18:56  Viking, Refinery, Sensor Tower  
  162  18:58  Refinery  
  162  18:59  Planetary Fortress  
  162  19:01  Orbital Command  
  164  19:08  Refinery  
  152  19:21  Marine x2  
  152  19:24  Marine x4  
  145  19:25  Marine  
  145  19:31  Marine x2  
  151  19:32  Marine x2  
  150  19:38  Marine x2  
  150  19:41  Siege Tank  
  150  19:42  Marine x2, Siege Tank  
  150  19:44  Marine x3  
  150  19:45  Marine  
  163  19:48  Command Center  
  153  19:57  Marine  
  153  19:58  Marine x2  
Show
View Real Time Build Order
Export as new Build Order

Tee Terran 

Build Orders: Liberator Opening 

Get SALT Encoding   

  12  0:00  SCV  
  13  0:13  SCV  
  14  0:17  Supply Depot  
  14  0:25  SCV  
  15  0:29  Refinery  
  15  0:39  SCV  
  16  0:45  Barracks  
  16  0:51  SCV  
  16  0:56  Refinery  
  17  1:03  SCV  
  18  1:17  SCV  
  19  1:32  Orbital Command  
  19  1:33  Reaper  
  19  1:36  Factory  
  20  1:45  Supply Depot  
  20  1:59  SCV  
  21  2:05  Reaper  
  22  2:11  SCV  
  23  2:21  Hellion  
  25  2:23  SCV  
  26  2:30  Command Center  
  26  2:37  SCV  
  27  2:39  Reaper  
  27  2:43  Hellion  
  30  2:47  Supply Depot  
  30  2:52  SCV  
  30  2:57  Starport  
  31  3:08  SCV  
  31  3:09  Factory Tech Lab  
  32  3:14  Barracks Reactor  
  32  3:16  Refinery  
  32  3:21  SCV  
  33  3:29  Siege Tank  
  33  3:34  Medivac  
  38  3:37  SCV  
  39  3:48  Orbital Command  
  37  3:49  SCV  
  37  3:51  Marine x2  
  40  4:01  SCV  
  41  4:03  Supply Depot, Siege Tank  
  41  4:09  Liberator  
  44  4:13  SCV  
  50  4:17  SCV  
  50  4:21  Supply Depot, Marine  
  50  4:27  SCV  
  50  4:29  SCV  
  50  4:30  Marine  
  53  4:39  SCV  
  53  4:45  SCV  
  54  4:51  SCV  
  55  4:56  Marine  
  55  4:57  Marine  
  55  4:58  SCV, Starport Tech Lab, Siege Tank  
  61  5:02  Supply Depot  
  61  5:03  SCV  
  62  5:12  SCV  
  61  5:14  Marine  
  61  5:19  SCV  
  63  5:23  Marine  
  63  5:24  SCV  
  63  5:25  Raven  
  64  5:32  Marine  
  64  5:35  Command Center  
  61  5:36  SCV x2  
  61  5:41  Siege Tank  
  66  5:47  Barracks  
  66  5:48  SCV  
  66  5:49  SCV, Barracks  
  68  5:57  Supply Depot  
  68  6:00  SCV  
  68  6:01  SCV  
  68  6:03  Barracks Tech Lab  
  67  6:13  SCV x2  
  67  6:17  Supply Depot  
  67  6:18  Viking x2, Refinery  
  73  6:25  SCV x2  
  75  6:28  Marine, Siege Tank  
  75  6:29  Stimpack  
  79  6:36  Barracks Reactor  
  79  6:37  SCV x2  
  79  6:38  Barracks Reactor  
  81  6:45  Supply Depot  
  81  6:46  Supply Depot, Marine  
  82  6:47  Engineering Bay, Orbital Command  
  82  6:48  Engineering Bay  
  82  6:49  SCV x2  
  84  7:01  SCV  
  77  7:10  Marine  
  77  7:11  Viking x2, Siege Tank  
  77  7:13  SCV  
  80  7:22  SCV  
  78  7:23  Marine x4  
  78  7:25  SCV  
  78  7:26  Orbital Command  
  78  7:28  Marine  
  81  7:34  SCV, Terran Infantry Weapons Level 1, Terran Infantry Armor Level 1  
  82  7:37  SCV  
  82  7:41  Marine x2, Barracks  
  85  7:46  SCV  
  85  7:49  SCV, Marine x3  
  85  7:50  Siege Tank  
  93  7:53  SCV  
  94  7:58  Medivac x2  
  94  7:59  SCV, Marine, Sensor Tower  
  94  8:01  SCV  
  94  8:04  Barracks  
  102  8:05  SCV  
  102  8:11  SCV  
  103  8:14  Marine x4  
  103  8:16  Marine  
  103  8:17  SCV, Combat Shield  
  109  8:20  SCV  
  109  8:23  Refinery  
  109  8:25  Refinery  
  109  8:26  SCV, Supply Depot x2  
  111  8:27  Supply Depot  
  111  8:28  Barracks Reactor  
  111  8:37  Marine x3  
  111  8:38  Medivac, Marine, Siege Tank  
  111  8:39  Medivac  
  122  8:48  Factory  
  122  8:51  Armory  
  122  8:55  Command Center, Marine  
  122  8:56  Barracks Reactor  
  122  8:57  SCV  
  122  8:58  Marine x4  
  128  9:09  Marine x2  
  130  9:10  SCV  
  130  9:13  Marine  
  130  9:15  Marine, Siege Tank  
  130  9:16  Medivac x2, Marine x2  
  142  9:21  Supply Depot x2  
  142  9:24  Supply Depot  
  142  9:26  Marine  
  142  9:27  Marine  
  142  9:31  Marine  
  145  9:33  Marine x2  
  145  9:36  Marine x2  
  149  9:42  Marine  
  149  9:44  Marine x2  
  152  9:48  Barracks Reactor  
  152  9:49  Marine, Siege Tank x2  
  152  9:51  Marine x2  
  161  9:56  Terran Infantry Armor Level 2, Terran Infantry Weapons Level 2  
  161  10:00  Terran Vehicle Weapons Level 1  
  161  10:02  Marine x2  
  161  10:05  Marine x3  
  161  10:06  Marine  
  167  10:22  Marine x2  
  167  10:23  Marine, Siege Tank x2  
  167  10:27  Supply Depot  
  176  10:28  Supply Depot  
  176  10:29  Supply Depot  
  169  10:41  Marine x2  
  169  10:42  Marine x2  
  144  10:47  Marine x2  
  144  10:48  Marine x4  
  140  10:51  SCV  
  140  10:54  Medivac x2  
  134  10:59  Marine x2  
  134  11:00  Marine x2  
  134  11:02  Siege Tank x2  
  144  11:05  Marine x3  
  144  11:10  Barracks  
  147  11:11  Barracks  
  147  11:12  Barracks  
  147  11:14  Planetary Fortress  
  147  11:17  Marine  
  147  11:18  Marine x4  
  151  11:19  Marine x2  
  151  11:23  Marine x2  
  156  11:26  Marine  
  156  11:27  Medivac x2  
  161  11:35  Marine  
  158  11:47  Marine x3  
  158  11:49  Marine x2  
  158  11:52  Marine x4  
  158  11:53  Siege Tank x2  
  173  12:05  Barracks Reactor x3  
  173  12:08  Marine x2  
  173  12:09  Marine x3  
  173  12:10  Terran Vehicle Weapons Level 2  
  173  12:13  Medivac, Marine x2  
  173  12:14  Medivac  
  184  12:18  Terran Infantry Weapons Level 3  
  184  12:20  Marine x3  
  187  12:23  Refinery  
  187  12:24  Refinery  
  187  12:34  Marine x2  
  187  12:35  Terran Infantry Armor Level 3  
  189  12:40  Marine x5  
  194  12:44  Marine  
  194  12:45  Siege Tank  
  197  12:52  Marine  
  197  12:57  Starport x2  
  198  13:00  Fusion Core  
  198  13:01  Command Center  
  179  13:22  Marine  
  179  13:26  Marine  
  149  13:27  Marine x10  
  149  13:28  Medivac x2, Siege Tank x2  
  162  13:37  Marine  
  162  13:38  Marine x2  
  162  13:39  Marine  
  144  13:43  Marine  
  144  13:44  Marine  
  144  13:45  Marine x6  
  144  13:47  Marine x3  
  144  13:48  Marine  
  156  13:55  Marine x2  
  152  13:56  Marine  
  152  13:57  Marine  
  152  14:01  Marine  
  152  14:02  Marine x4  
  157  14:03  Marine  
  157  14:05  Marine x5  
  165  14:12  Marine  
  165  14:13  Marine x2  
  165  14:15  Supply Depot  
  168  14:18  Supply Depot  
  166  14:28  Marine  
  166  14:29  Marine x7  
  160  14:40  Marine  
  160  14:41  Marine  
  155  14:53  Orbital Command  
  155  14:54  Marine x2  
  155  14:55  Marine x2  
  155  14:57  Marine x3  
  162  15:00  Starport Reactor  
  162  15:01  Starport Reactor  
  162  15:15  Command Center  
  162  15:17  Marine x4  
  162  15:18  Marine x2  
  168  15:27  Marine x3  
  172  15:28  Siege Tank x2  
  175  15:41  Marine x3  
  178  15:43  Marine  
  178  15:44  Marine x4  
  178  15:45  Medivac  
  185  16:05  Marine x5  
  185  16:17  Marine x3  
  185  16:18  Marine x3  
  175  16:21  Marine x3  
  175  16:22  Viking x2  
  183  16:27  Marine x2  
  183  16:31  Marine x3  
  188  16:35  Orbital Command  
  188  16:40  Siege Tank  
  167  16:54  Marine x3  
  167  16:55  Marine x3  
  167  16:57  Siege Tank  
  176  17:14  Marine  
  176  17:15  Marine x2  
  174  17:16  Siege Tank  
  174  17:22  Medivac x2  
  141  17:34  Marine x2  
  141  17:35  Marine x3  
  99  17:40  Marine x5  
  99  17:42  Siege Tank  
  107  17:48  Marine  
  107  17:51  Marine x2  
  107  17:52  Medivac x2  
  112  18:04  Marine x3  
  115  18:16  Marine x5  
  115  18:17  Marine x2  
  115  18:18  Siege Tank x2  
  128  18:35  Command Center  
  128  18:46  Marine x2  
  128  18:48  Marine x5  
  113  18:49  Marine  
  113  18:50  Marine  
  118  19:00  Marine x2  
  118  19:01  Marine  
  121  19:04  Marine x2  
  123  19:10  Sensor Tower  
  95  19:20  Marine x4  
  95  19:21  Marine x3  
  95  19:22  Marine x5  
  95  19:23  Marine  
  96  19:30  Marine x2  
  96  19:31  Marine  
  79  19:54  Marine x2  
  79  19:57  Marine  
  79  19:58  Marine x9  
Tags
 
Add a new tag
Caveats
  • Supply blocks, unpowered buildings, or Contaminate may cause inaccurate times.
  • Supply counts are checked every 10 seconds.